 Dungeon Crawl Stone Soup version 0.19-a0-1697-g0595f0e (webtiles) character file.

14 KristoblXynda the Sneak (level 2, -3/13 HPs)
             Began as a Spriggan Enchanter on Sept 26, 2016.
             Slain by a gnoll
             ... wielding a +0 halberd
              (15 damage)
             ... on level 2 of the Dungeon.
             The game lasted 00:03:06 (679 turns).

KristoblXynda the Sneak (Spriggan Enchanter)         Turns: 679, Time: 00:03:07

Health: -3/13      AC:  4    Str:  4    XL:     2   Next: 31%
Magic:  3/7        EV: 18    Int: 16    God:
Gold:   95         SH:  0    Dex: 16    Spells: 2 memorised, 4 levels left

rFire  . . .     SeeInvis +     o - +0 dagger (curse)
rCold  . . .     Gourm    .     b - +1 robe
rNeg   . . .     Faith    .     (shield restricted)
rPois  .         Spirit   .     (helmet restricted)
rElec  .         Dismiss  .     (no cloak)
rCorr  .         Reflect  .     (gloves unavailable)
MR     .....     Harm     .     (boots unavailable)
Stlth  +++.......               (no amulet)
                                (no ring)
                                (no ring)

@: very quick
A: unfitting armour, see invisible, herbivore 3, speed 3, slow metabolism 2
a: no special abilities


You were on level 2 of the Dungeon.
You were not hungry.

You visited 1 branch of the dungeon, and saw 2 of its levels.

You collected 95 gold pieces.

Inventory:

Hand Weapons
 a - a +1 dagger
 o - a cursed +0 dagger (weapon)
Armour
 b - a +1 robe (worn)
 i - a +0 buckler
Scrolls
 e - a scroll of teleportation
 f - 3 scrolls of amnesia
Potions
 h - a potion of resistance {unknown}
 j - a potion of lignification {unknown}
 m - a potion of heal wounds {unknown}
 n - a potion of invisibility {unknown}
Books
 c - a book of Maledictions

   Spells                             Type                      Level
   a - Corona                         Hexes                        1
   b - Ensorcelled Hibernation        Hexes/Ice                    2
   c - Confuse                        Hexes                        3
   d - Tukima's Dance                 Hexes                        3
   e - Dazzling Spray                 Conjuration/Hexes            3
Comestibles
 d - 2 bread rations


   Skills:
 - Level 1.1 Short Blades
 - Level 3.0 Dodging
 + Level 4.6 Stealth
 + Level 3.1 Spellcasting
 + Level 4.1 Hexes


You had 4 spell levels left.
You knew the following spells:

 Your Spells              Type           Power        Failure   Level  Hunger
a - Corona                Hex            ###....      4%          1    None
b - Ensorcelled Hibernat  Hex/Ice        #.....       14%         2    ##.....


Dungeon Overview and Level Annotations

Branches:
Dungeon (2/15)

Altars:


Innate Abilities, Weirdness & Mutations

You are very small and have problems with some larger weapons.
You are too small for most types of armour.
You have supernaturally acute eyesight. (SInv)
You are a herbivore.
You cover ground extremely quickly.
You need consume almost no food.


Message History

The gnoll shouts!
An adder and a gnoll come into view.
There is a stone staircase leading down here.
Okay, then.
The gnoll shouts!
Casting: Corona
Confirm with . or Enter, or press ? or * to list all spells.
Aiming: Ensorcelled Hibernation
Press: ? - help, Shift-Dir - straight line, f - gnoll
Aim: a gnoll, wielding a halberd (chance to defeat MR: 50%)
The gnoll resists with some effort.
The gnoll closely misses you.
Casting: Ensorcelled Hibernation
Confirm with . or Enter, or press ? or * to list all spells.
Aiming: Ensorcelled Hibernation
Press: ? - help, Shift-Dir - straight line, f/p - gnoll
Aim: a gnoll, wielding a halberd (chance to defeat MR: 50%)
The gnoll resists with some effort.
The gnoll hits you from afar with a halberd!
Ouch! That really hurt!
You die...

######### .... ..#
##...##.#
##.....#.#########
#...........g.@..#
##....S#.######..#
.S........# #..# .
##.#.# #..# #.#.#
#..# #S#.# #..#
#g..# #..# #..##
#..# #..# #..#


You could see a gnoll.

Vanquished Creatures
  A dart slug (D:2)
  A bat (D:2)
  A goblin (D:2)
  2 hobgoblins (D:1)
  A ball python (D:2)
  2 frilled lizards
  2 kobolds (D:1)
  4 rats
14 creatures vanquished.

Notes
Turn   | Place    | Note
-------+----------+-------------------------------------------
     0 | D:1      | KristoblXynda the Spriggan Enchanter began the quest for the Orb.
     0 | D:1      | Reached XP level 1. HP: 9/9 MP: 5/5
   569 | D:2      | Reached XP level 2. HP: 13/13 MP: 7/7
   576 | D:2      | Learned a level 2 spell: Ensorcelled Hibernation
   679 | D:2      | Slain by a gnoll

Vault maps used:
D:1:      lightli_molten_gateway
D:2:      grunt_temple_overflow_growth_and_decay

Skill      XL: |  1  2 |
---------------+-------+-----
Spellcasting   | 3 |  3.1
Hexes          | 4 |  4.1
Short Blades   | |  1.1
Dodging        | |  3.0
Stealth        | |  4.6

Action                   || total
-------------------------++-------
Melee: Dagger            ||    55
 Cast: Ensorcelled Hiber ||     2
  Use: Scroll            ||     3
 Stab: Sleeping          ||     4
Armor: Robe              ||     3
Dodge: Dodged            ||    34
